 Dungeon Crawl Stone Soup version 0.31-a0-700-gf13585253f (webtiles) character file.

Game seed: 17496425268573507044

1021 qw the Skirmisher (level 8, -3/49 HPs)
             Began as a Gargoyle Hunter on Sept 7, 2023.
             Slain by Pikel
             ... wielding a +0 whip of electrocution
              (6 damage)
             ... on level 4 of the Dungeon.
             The game lasted 00:01:40 (2967 turns).

qw the Skirmisher (Gargoyle Hunter)                 Turns: 2967, Time: 00:01:41

Health: -3/49      AC:  8    Str: 15    XL:     8   Next: 22%
Magic:  8/8        EV: 12    Int: 10    God:
Gold:   232        SH:  0    Dex: 15    Spells: 7/7 levels left

rFire   + . .        Y - +0 shortbow
rCold   + . .        (shield currently unavailable)
rNeg    + . .        b - +1 robe {rC+ rF+}
rPois   inf          (no helmet)
rElec   +            (no cloak)
rCorr   +            (no gloves)
SInv    .            (no boots)
Will    .....        (no amulet)
Stlth   ++           l - ring of resist corrosion
HPRegen 0.28/turn    (no ring)
MPRegen 0.11/turn

%: no passive effects
@: no status effects
A: sickness immunity, AC +5, negative energy resistance 1, electricity
resistance, torment resistance 1, petrification resistance
a: no special abilities


You were on level 4 of the Dungeon.
You visited 1 branch of the dungeon, and saw 4 of its levels.

You collected 232 gold pieces.


Innate Abilities, Weirdness & Mutations

You are immune to sickness and miasma.
Your stone body is resilient. (AC +5)
You are immune to poison.
You resist negative energy. (rN+)
You are resistant to electric shocks. (rElec)
You are resistant to unholy torment.
You are immune to petrification.


   Skills:
 + Level 5.2 Fighting
 - Level 9.0 Ranged Weapons
 - Level 2.2 Dodging
 - Level 1.1 Stealth


You had 7 spell levels left.
You didn't know any spells.
Your spell library was empty.

Inventory:

Hand Weapons
 Y - a +0 shortbow (weapon)
Armour
 a - the scarf "Badyiv" {+Inv, Harm Regen+ Int-2 SInv}
   (You acquired it on level 3 of the Dungeon)

   Int-2:     It affects your intelligence (-2).
   SInv:      It lets you see invisible.
   Regen+:    It increases your rate of health regeneration.
   Harm:      It increases damage dealt and taken.
 b - a +1 robe of resistance (worn)
 i - a +0 ring mail
Jewellery
 j - the ring of Dosmem {Ice Int+3}
   (You found it on level 2 of the Dungeon)

   [ring of ice]

   Ice:       It enhances your ice magic.
   Int+3:     It affects your intelligence (+3).
   rF-:       It makes you vulnerable to fire.
   rC+:       It protects you from cold.
 l - a ring of resist corrosion (left hand)
Scrolls
 c - a scroll of fear {unknown}
 d - a scroll of identify
Potions
 f - a potion of resistance
 g - a potion of enlightenment {unknown}
 h - a potion of haste {unknown}

Dungeon Overview and Level Annotations

Branches:
Dungeon (4/15)
 Temple: D:4-7

Altars:
Fedhas
Qazlal

Annotations:
D:4 Pikel


Message History

Pikel barely misses you.
You shoot an arrow. The arrow closely misses Pikel.
Pikel hits you with a +0 whip of electrocution.
You shoot an arrow.
The arrow hits Pikel but does no damage.
Pikel is heavily wounded.
Pikel misses you.
You shoot an arrow. The arrow hits Pikel.
Pikel is heavily wounded.
Pikel hits you but does no damage.
You shoot an arrow. The arrow barely misses Pikel.
Pikel hits you with a +0 whip of electrocution.
You shoot an arrow. The arrow barely misses Pikel.
Pikel hits you but does no damage.
You shoot an arrow. The arrow closely misses Pikel.
Pikel hits you but does no damage.
You shoot an arrow. The arrow completely misses Pikel.
Pikel hits you with a +0 whip of electrocution.
You shoot an arrow. The arrow barely misses Pikel.
Pikel hits you but does no damage.
You shoot an arrow. The arrow hits Pikel.
Pikel is heavily wounded.
Pikel hits you but does no damage.
You shoot an arrow.
The arrow hits Pikel but does no damage.
Pikel is heavily wounded.
Pikel hits you with a +0 whip of electrocution.
You shoot an arrow. The arrow closely misses Pikel.
Pikel hits you but does no damage.
You shoot an arrow. The arrow hits Pikel.
Pikel is severely wounded.
Pikel hits you with a +0 whip of electrocution.
You shoot an arrow.
The arrow hits Pikel but does no damage.
Pikel is severely wounded.
Pikel hits you with a +0 whip of electrocution.
You shoot an arrow. The arrow closely misses Pikel.
Pikel hits you with a +0 whip of electrocution.
You die...
Pikel says, "See you in Hell!"

# ##. ... #. ... ..5 ...
##.5.5 .!. ##########.5.##
### #....@K.#.....#. ##
######'#####........... #.
#.'.......+............. #.
#.#.~...~.#........##...##.
#.#.¤¤_.~.#..####........#.
#.#.¤¤..~.#...# .........
#.¤¤¤¤....'...# ..#.....
#.####'####..### ##.....
##............... ##...#


You could see Pikel.

Vanquished Creatures
  Grinder (D:3)
  Sigmund (D:2)
  2 black bears (D:4)
  3 lemures (D:4)
  A scorpion (D:4)
  A jelly (D:4)
  2 orc priests
  A hound (D:3)
  Jessica (D:2)
  An iguana (D:4)
  Natasha (twice) (D:3)
  2 orc wizards (D:3)
  3 adders
  3 worms
  3 dart slugs
  10 orcs
  11 endoplasms
  7 giant cockroaches
  3 goblins
  8 hobgoblins
  10 jackals
  8 quokkas
  11 ball pythons
  9 bats
  3 frilled lizards
  3 kobolds (D:1)
  6 rats
116 creatures vanquished.

Notes
Turn   | Place    | Note
-------+----------+-------------------------------------------
     0 | D:1      | qw the Gargoyle Hunter began the quest for the Orb.
     0 | D:1      | Reached XP level 1. HP: 12/12 MP: 1/1
     0 | D:1      | 0 ||| qw: Version: 0.3-a-76-g4403597
     0 | D:1      | 0 ||| qw: Game counter: 481
     0 | D:1      | 0 ||| qw: Melee chars always use a shield: true
     0 | D:1      | 0 ||| qw: God list: Okawaru
     0 | D:1      | 0 ||| qw: Allow faded altars: false
     0 | D:1      | 0 ||| qw: Do Orc after clearing Dungeon:15 true
     0 | D:1      | 0 ||| qw: Do second Lair branch before Depths: true
     0 | D:1      | 0 ||| qw: Lair rune preference: random
     0 | D:1      | 0 ||| qw: Goals: Normal
     0 | D:1      | 0 ||| PLANNING D:1-11
    96 | D:1      | Reached XP level 2. HP: 17/17 MP: 2/2
   122 | D:1      | 122 ||| RETREATING.
   126 | D:1      | 126 ||| Stepping ~*~*~tactically~*~*~ (retreating).
   128 | D:1      | 128 ||| Stepping ~*~*~tactically~*~*~ (retreating).
   129 | D:1      | 129 ||| Stepping ~*~*~tactically~*~*~ (retreating).
   225 | D:1      | Reached XP level 3. HP: 21/21 MP: 3/3
   235 | D:1      | Reached skill level 5 in Ranged Weapons
   564 | D:1      | 564 ||| DROPPING +6 ring of intelligence.
   565 | D:1      | 565 ||| READING scroll labelled HUKIWNE SA LEURO.
   566 | D:1      | 566 ||| READING scroll labelled VEUXTOIRO EKLU.
   567 | D:1      | 567 ||| READING scroll labelled PIG OG ROIMOI.
   568 | D:1      | 568 ||| READING 2 scrolls labelled EHYFIAZUVEI.
   569 | D:1      | 569 ||| DROPPING scroll of butterflies.
   570 | D:1      | 570 ||| DROPPING scroll of immolation.
   583 | D:2      | Noticed Jessica
   587 | D:2      | Killed Jessica
   588 | D:2      | Reached skill level 3 in Fighting
   588 | D:2      | Reached XP level 4. HP: 28/28 MP: 4/4
   791 | D:2      | Noticed Sigmund
   798 | D:2      | Killed Sigmund
   799 | D:2      | Reached skill level 6 in Ranged Weapons
   799 | D:2      | Reached XP level 5. HP: 32/32 MP: 5/5
   799 | D:2      | Reached XP level 6. HP: 37/37 MP: 6/6
  1152 | D:2      | Identified the ring of Dosmem {Ice Int+3}
  1160 | D:2      | 1160 ||| UPGRADING to +1 robe of resistance.
  1170 | D:2      | 1170 ||| READING scroll labelled YSIACW NOASE.
  1171 | D:2      | 1171 ||| READING 3 scrolls of identify.
  1171 | D:2      | 1171 ||| IDENTIFYING sedimented puce potion
  1172 | D:2      | 1172 ||| READING 2 scrolls of identify.
  1172 | D:2      | 1172 ||| IDENTIFYING yellow potion
  1173 | D:2      | 1173 ||| DROPPING potion of attraction.
  1174 | D:2      | 1174 ||| DROPPING potion of brilliance.
  1459 | D:3      | Noticed Grinder
  1471 | D:3      | Paralysed by Grinder for 4 turns
  1479 | D:3      | Killed Grinder
  1480 | D:3      | Reached skill level 7 in Ranged Weapons
  1480 | D:3      | Reached XP level 7. HP: 25/43 MP: 7/7
  1650 | D:3      | 1650 ||| FLEEEEING.
  1651 | D:3      | 1651 ||| FLEEEEING.
  1652 | D:3      | 1652 ||| FLEEEEING.
  1653 | D:3      | 1653 ||| FLEEEEING.
  1654 | D:3      | 1654 ||| FLEEEEING.
  1975 | D:3      | Found a stormy altar of Qazlal.
  2123 | D:3      | Noticed Natasha
  2129 | D:3      | 2129 ||| Stepping ~*~*~tactically~*~*~ (retreating).
  2131 | D:3      | Killed Natasha
  2132 | D:3      | Reached skill level 8 in Ranged Weapons
  2250 | D:3      | 2250 ||| DROPPING +0 leather armour.
  2251 | D:3      | 2251 ||| UPGRADING to ring of resist corrosion.
  2252 | D:3      | 2252 ||| READING scroll labelled VYIQEM HIOHUJO.
  2252 | D:3      | Noticed Natasha
  2257 | D:3      | 2257 ||| READING scroll labelled XAMAPTIHEV.
  2257 | D:3      | Identified a scroll of acquirement
  2257 | D:3      | 2257 ||| ACQUIRING scarf "Badyiv" {+Inv, Harm Regen+ Int-2
                  | SInv}
  2257 | D:3      | Acquired the scarf "Badyiv" {+Inv, Harm Regen+ Int-2 SInv}
  2259 | D:3      | 2259 ||| READING scroll labelled JUGREXTAUW.
  2260 | D:3      | 2260 ||| READING 2 scrolls of identify.
  2260 | D:3      | 2260 ||| IDENTIFYING gluggy blue potion
  2270 | D:3      | 2270 ||| FLEEEEING.
  2273 | D:3      | 2273 ||| FLEEEEING.
  2276 | D:3      | 2276 ||| Stepping ~*~*~tactically~*~*~ (outnumbered).
  2278 | D:3      | Killed Natasha
  2391 | D:4      | 2391 ||| FLEEEEING.
  2436 | D:4      | HP: 11/44 [hobgoblin (3)]
  2437 | D:4      | Reached XP level 8. HP: 12/49 MP: 8/8
  2728 | D:4      | Reached skill level 9 in Ranged Weapons
  2858 | D:4      | Found a blossoming altar of Fedhas.
  2898 | D:4      | 2898 ||| RETREATING.
  2914 | D:4      | 2914 ||| Stepping ~*~*~tactically~*~*~ (retreating).
  2937 | D:4      | Noticed Pikel
  2952 | D:4      | HP: 12/49 [Pikel/+0 whip of electrocution (4)]
  2957 | D:4      | HP: 10/49 [Pikel/+0 whip of electrocution (2)]
  2963 | D:4      | HP: 9/49 [Pikel/+0 whip of electrocution (1)]
  2966 | D:4      | HP: 3/49 [Pikel/+0 whip of electrocution (3)]
  2967 | D:4      | Slain by Pikel

Levels and vault maps discovered:
D:1:      nagdon_arrival_zigzag_paths, layout_basic
D:2:      layout_rooms, columned_hall_lemuel, minmay_tetromino_o4, uniq_sigmund,
          uniq_jessica
D:3:      layout_loops_corners, lemuel_tele_altar, uniq_natasha, uniq_grinder
D:4:      layout_cave_pools, mainiacjoe_overflow_six_doors_small, uniq_pikel

Skill      XL: |  1  2  3  4  5  6  7  8 |
---------------+-------------------------+-----
Ranged Weapons | 5 6 7 8 9 |  9.0
Fighting       | 3 4 5 |  5.2
Dodging        | 2 |  2.2
Stealth        | |  1.1

Action                     |  1- 3 |  4- 6 |  7- 9 || total
---------------------------+-------+-------+-------++-------
   Fire: Shortbow          |   103 |   101 |   247 ||   451
    Use: Scroll            |     4 |     3 |     4 ||    11
 Armour: Leather armour    |    43 |    13 |       ||    56
         Robe              |       |     8 |    91 ||    99
  Dodge: Dodged            |    37 |    19 |    63 ||   119

Table legend:
 A = Non-vault XP
 B = Vault XP
 C = Vault XP percentage of total XP
 D = Non-vault monster count
 E = Vault monster count
 F = Vault count percentage of total count
                 A         B        C        D         E       F
            +---------+---------+-------+---------+---------+-------
      Total |     865 |     594 |  40.7 |     105 |       8 |   7.1
            +---------+---------+-------+---------+---------+-------
        D:1 |      53 |       0 |   0.0 |      34 |       0 |   0.0
        D:2 |      30 |     282 |  90.4 |      10 |       6 |  37.5
        D:3 |     259 |     312 |  54.6 |      38 |       2 |   5.0
        D:4 |     523 |       0 |   0.0 |      23 |       0 |   0.0
            +---------+---------+-------+---------+---------+-------
